 Dungeon Crawl Stone Soup version 0.31-a0-1008-g5b978dac0e (webtiles) character file.

Game seed: 6864182828771431270

732 Armakuni the Changeling (level 7, -1/56 HPs)
             Began as a Merfolk Shapeshifter on Nov 12, 2023.
             Slain by a black bear (11 damage)
             ... on level 4 of the Dungeon.
             The game lasted 00:08:03 (3409 turns).

Armakuni the Changeling (Merfolk Shapeshifter)      Turns: 3409, Time: 00:08:04

Health: -1/56      AC:  3    Str: 20    XL:     7   Next: 73%
Magic:  7/7        EV: 12    Int: 12    God:
Gold:   307        SH:  0    Dex: 13    Spells: 6/6 levels left

rFire   . .          .
                       - Unarmed
rCold   . . .        (no shield)
rNeg    . . .        o - +1 robe
rPois   .            (helmet currently unavailable)
rElec   .            (cloak currently unavailable)
rCorr   .            (gloves currently unavailable)
SInv    .            (boots currently unavailable)
Will    .....        (no amulet)
Stlth   +            V - +6 ring of strength
HPRegen 0.29/turn    L - ring of flight
MPRegen 0.10/turn

%: no passive effects
@: beast-form, flying
A: beast (slay +4), (nimble swimmer 2), mertail
a: Begin Untransformation


You were on level 4 of the Dungeon.
You were a hulking beast.
You visited 2 branches of the dungeon, and saw 5 of its levels.
You also visited: Sewer.

You collected 307 gold pieces.

Inventory:

Hand Weapons
 n - a +0 scimitar
 t - a +0 rapier of venom
Missiles
 i - 2 throwing nets
Armour
 o - a +1 robe (worn)
Jewellery
 L - a ring of flight (right hand)
 V - a +6 ring of strength (left hand)
Talismans
 c - a beast talisman
Wands
 l - a wand of light (3)
Scrolls
 e - 2 scrolls of vulnerability
 f - a scroll of immolation
 g - a scroll of noise
 h - 3 scrolls of fear
 j - a scroll of teleportation
Potions
 b - a potion of mutation {unknown}
 d - 2 potions of degeneration {unknown}
 k - a potion of haste {unknown}
 m - a potion of berserk rage
 q - a potion of might {unknown}
 u - 3 potions of attraction {unknown}


   Skills:
 - Level 5.0 Fighting
 - Level 2.6 Dodging
 + Level 6.4 Unarmed Combat
 - Level 7.0 Shapeshifting


You had 6 spell levels left.
You didn't know any spells.
Your spell library contained the following spells:

 Spells                   Type           Power      Damage    Failure   Level
 Slow                     Hex            0%         N/A       32%         1
 Cigotuvi's Dreadful Rot  Necr/Pois/Air  0%         N/A       45%         2
 Confusing Touch          Hex            0%         N/A       69%         3
 Sigil of Binding         Hex            0%         N/A       69%         3
 Summon Guardian Golem    Hex/Summ       0%         N/A       69%         3
 Vampiric Draining        Necr           0%         2d6       69%         3
 Dispel Undead            Necr           0%         3d6       97%         4
 Death Channel            Necr           0%         N/A       100%        6
 Orb of Destruction       Conj           0%         9d5       100%        7
 Spellforged Servitor     Conj/Summ      0%         N/A       100%        7


Dungeon Overview and Level Annotations

Branches:
Dungeon (4/15)             Temple (1/1) D:4           Sewer (visited)

Altars:
Cheibriados
Elyvilon
Gozag
Hepliaklqana
Makhleb
Nemelex Xobeh
Okawaru
Qazlal
Uskayaw
Vehumet
Xom
Yredelemnul


Innate Abilities, Weirdness & Mutations

You are a hulking beast.
Your limbs bulge with bestial killing power. (Slay +4)
((You are very nimble when in or above water. (Stealth+, EV+, Speed+++)))
Your lower body shifts to a powerful aquatic tail in water.


Message History

Your Fighting skill increases to level 5!
Your Unarmed Combat skill increases to level 6!
No target in view!
HP restored.
There is a stone staircase leading up here.
Found a robe.
Found a stone staircase leading up.
There is a stone staircase leading up here.
A black bear comes into view.
The black bear growls angrily.
A black bear is nearby!
The black bear closely misses you. The black bear claws you. x2
You punch the black bear!
The black bear is heavily wounded.
The black bear bites you.
The black bear claws you but does no damage. x2
You punch the black bear! Your punch misses the black bear.
The black bear is almost dead.
The black bear goes berserk!
You hit the black bear but do no damage.
The black bear is almost dead.
The black bear bites you. The black bear claws you.
The black bear closely misses you.
You barely miss the black bear.
The black bear is almost dead.
The black bear bites you. The black bear barely misses you.
The black bear claws you.
You hit the black bear. Your punch misses the black bear.
The black bear is almost dead.
The black bear bites you. The black bear closely misses you.
The black bear claws you.
You hit the black bear.
The black bear is almost dead.
The black bear bites you.
* * * LOW HITPOINT WARNING * * *
The black bear claws you.
* * * LOW HITPOINT WARNING * * *
The black bear claws you.
* * * LOW HITPOINT WARNING * * *
The black bear bites you!
You die...

*,*,***####.>##.#####.#.#
*,*,,,,,,,,#.#........#.#
*,*******,**.#..#######.#
*,* *,**.#..# #.# *,*
*,**,#<.# #.# *,*
*,**,#..# #.# *,*
*,**,#.[# #.#
*,*******,**,#.########.#
*,,,,,,,,,**,#..hh......#
************,############
,,,,,,,,,,,,,*
************,* *,* ***


You could see a black bear (berserk).

Vanquished Creatures
  Grinder (D:3)
  Sigmund (D:3)
  A water moccasin (Sewer)
  A phantom (D:4)
  A hound (D:3)
  Natasha (D:3)
  4 adders
  2 worms
  5 dart slugs
  2 orcs (D:3)
  5 ball pythons
  4 endoplasms
  3 giant cockroaches
  8 hobgoblins
  8 jackals
  3 quokkas
  12 bats
  5 frilled lizards
  3 goblins
  8 kobolds
  8 rats
86 creatures vanquished.

Notes
Turn   | Place    | Note
-------+----------+-------------------------------------------
     0 | D:1      | Armakuni the Merfolk Shapeshifter began the quest for the
                  | Orb.
     0 | D:1      | Reached XP level 1. HP: 15/15 MP: 1/1
    85 | D:1      | Reached XP level 2. HP: 17/21 MP: 2/2
   270 | D:1      | Reached skill level 5 in Shapeshifting
   609 | D:1      | Reached XP level 3. HP: 26/26 MP: 3/3
  1076 | D:2      | Reached skill level 6 in Shapeshifting
  1076 | D:2      | Reached XP level 4. HP: 32/32 MP: 4/4
  1610 | D:3      | Found a glowing drain.
  1688 | Sewer    | Entered a sewer
  1726 | Sewer    | Noticed a water moccasin
  1734 | Sewer    | Killed a water moccasin
  1735 | Sewer    | Reached skill level 7 in Shapeshifting
  1735 | Sewer    | Reached XP level 5. HP: 38/38 MP: 5/5
  1867 | D:3      | Noticed Sigmund
  1875 | D:3      | Killed Sigmund
  1876 | D:3      | Reached XP level 6. HP: 39/48 MP: 6/6
  2282 | D:3      | Noticed Natasha
  2289 | D:3      | Killed Natasha
  2290 | D:3      | Reached skill level 5 in Unarmed Combat
  2400 | D:3      | Found an opulent altar of Gozag.
  2400 | D:3      | Found a sparkling altar of Nemelex Xobeh.
  2550 | D:3      | Noticed Grinder
  2562 | D:3      | Killed Grinder
  2563 | D:3      | Reached XP level 7. HP: 47/55 MP: 7/7
  2777 | D:4      | Found a stormy altar of Qazlal.
  3270 | D:4      | Found a staircase to the Ecumenical Temple.
  3275 | Temple   | Entered the Ecumenical Temple
  3332 | D:4      | Reached skill level 5 in Fighting
  3409 | D:4      | Slain by a black bear

Illustrated notes

Levels and vault maps discovered:
D:1:      giann_forest_graveyard, layout_loops_ring
D:2:      layout_loops_corners, item_on_display_a
D:3:      minmay_wonky_spiral, layout_basic, grunt_temple_overflow_opulence,
          cheibrodos_sewer_entry_sluice, uniq_sigmund, uniq_natasha,
          uniq_grinder
D:4:      layout_basic, mainiacjoe_overflow_tiny_flanked,
          minmay_temple_entry_nine_rooms
Temple:   dpeg_three_leaves_temple

Skill      XL: |  1  2  3  4  5  6  7 |
---------------+----------------------+-----
Shapeshifting  | 5 6 7 |  7.0
Fighting       | 2 3 4 5 |  5.0
Unarmed Combat | 4 5 6 |  6.4
Dodging        | |  2.6

Action                     |  1- 3 |  4- 6 |  7- 9 || total
---------------------------+-------+-------+-------++-------
  Melee: Unarmed           |    87 |    84 |    56 ||   227
         Punch             |     1 |       |     2 ||     3
  Evoke: Wand              |       |     3 |       ||     3
    Use: Potion            |       |     1 |       ||     1
         Scroll            |       |     2 |     6 ||     8
   Stab: Invisible         |       |     1 |       ||     1
 Armour: Animal skin       |    41 |    41 |       ||    82
         Skin              |       |     4 |       ||     4
         Robe              |       |    10 |    34 ||    44
  Dodge: Dodged            |    48 |    61 |    30 ||   139

Table legend: (Time is in decaauts)
 A = Elapsed time spent in this place.
 B = Non-inter-level travel time spent in this place.
 C = Inter-level travel time spent in this place.
 D = Time resting spent in this place.
 E = Time spent auto-exploring this place.
 F = Levels seen in this place.
 G = Mean time per level.
                   A        B        C        D        E       F      G
               +--------+--------+--------+--------+--------+-----+--------+
         Total |   3378 |   3281 |     97 |    239 |   2160 |   6 |  563.0 |
       Dungeon |   3242 |   3145 |     97 |    185 |   2150 |   4 |  810.5 |
        Temple |      3 |      3 |      0 |      0 |      0 |   1 |    3.0 |
         Sewer |    131 |    131 |      0 |     54 |     10 |   1 |  131.0 |
               +--------+--------+--------+--------+--------+-----+--------+

Top non-repeatable levels by time:
     D:3: 1058 daAuts
     D:2: 897 daAuts
     D:4: 655 daAuts
     D:1: 631 daAuts
   Sewer: 131 daAuts
  Temple: 3 daAuts
